 Dungeon Crawl Stone Soup version 0.23.2-1-ga50397a (webtiles) character file.

Game seed: 15952754544474969275

380 xveg the Grave Robber (level 6, 0/41 HPs)
             Began as a Mummy Necromancer on May 8, 2019.
             Slain by an orc wizard
             ... wielding a +0 dagger
              (2 damage)
             ... on level 4 of the Dungeon.
             The game lasted 00:18:20 (3933 turns).

xveg the Grave Robber (Mummy Necromancer)           Turns: 3933, Time: 00:18:21

Health: 0/41       AC:  8    Str: 11    XL:     6   Next: 46%
Magic:  4/14       EV: 16    Int: 16    God:
Gold:   220        SH:  0    Dex: 13    Spells: 5/15 levels left

rFire    x . .     SeeInvis .   e - +0 short sword
rCold    + + +     Gourm    .   (no shield)
rNeg     + + +     Faith    .   k - +2 ring mail {rC+}
rPois    ∞         Spirit   .   (no helmet)
rElec    .         Reflect  .   (no cloak)
rCorr    .         Harm     .   j - +0 pair of gloves
MR       .....                  (no boots)
Stlth    +.........             (no amulet)
HPRegen  0.13/turn              d - +6 ring of evasion
MPRegen  0.14/turn              g - ring of protection from cold

@: no status effects
A: no food or potions, fire vulnerability, cold resistance 1, negative energy
resistance 3, torment resistance, unbreathing
a: no special abilities


You were on level 4 of the Dungeon.
You were not hungry.

You visited 1 branch of the dungeon, and saw 4 of its levels.

You collected 220 gold pieces.

Inventory:

Hand Weapons
 e - a +0 short sword (weapon)
Missiles
 m - 45 sling bullets
Armour
 a - a +0 robe
 c - a +4 chain mail
 j - a +0 pair of gloves (worn)
 k - a +2 ring mail of cold resistance (worn)
Magical Staves
 o - an uncursed staff of energy {unknown}
Jewellery
 d - a +6 ring of evasion (left hand)
 g - a ring of protection from cold (right hand)
 l - an uncursed ring of protection from cold
 p - a +1 ring of protection {unknown}
Scrolls
 b - 2 scrolls of amnesia {unknown}
 f - a scroll of enchant armour
 h - 2 scrolls of remove curse {unknown}
 i - a scroll of teleportation {unknown}
 n - a scroll of random uselessness {unknown}


   Skills:
 * Level 2.3 Armour
 - Level 1.5 Dodging
 - Level 1.6 Stealth
 + Level 5.4 Spellcasting
 + Level 5.8 Necromancy


You had 5 spell levels left.
You knew the following spells:

 Your Spells              Type           Power        Failure   Level  Hunger
a - Pain                  Necr           ###.         3%          1    N/A
b - Animate Skeleton      Necr           N/A          3%          1    N/A
c - Animate Dead          Necr           N/A          30%         4    N/A
d - Vampiric Draining     Necr           ###.......   10%         3    N/A
e - Confusing Touch       Hex            #.....       34%         1    N/A

Your spell library contained the following spells:

 Spells                   Type           Power        Failure   Level  Hunger
 Confuse                  Hex            #.......     71%         3    N/A
 Gell's Gravitas          Tloc           #.........   71%         3    N/A
 Petrify                  Tmut/Erth      #.......     98%         4    N/A
 Metabolic Englaciation   Hex/Ice        #.........   100%        5    N/A
 Yara's Violent Unravell  Hex/Tmut       #.........   100%        5    N/A
 Regeneration             Chrm/Necr      Unusable     N/A         3    N/A

Dungeon Overview and Level Annotations

Branches:
Dungeon (4/15)
 Temple: D:4-7

Altars:
Elyvilon


Innate Abilities, Weirdness & Mutations

You do not eat or drink.
Your flesh is vulnerable to fire.
You are immune to poison.
Your flesh is cold resistant. (rC+)
You are immune to negative energy. (rN+++)
You are immune to unholy pain and torment.
You can survive without breathing.


Message History

A puff of flame appears from out of thin air!
The puff of flame hits you. The fire burns you terribly!
* * * LOW HITPOINT WARNING * * *
Things that are here:
a +0 flail; a +0 leather armour; a +0 mace You hear some strange, mumbled words.
Okay, then.
What are your orders? t - Shout!
Orders for allies: a - Attack new target. r - Retreat! s - Stop attacking. g - Guard the area. f - Follow me.
Anything else - Cancel.
Guard this area!
Something hits you.
* * * LOW HITPOINT WARNING * * *
Something hits you but does no damage.
Unknown command.
Your orc zombie barely misses something.
Something hits you.
You die...

...... ......# #.#
#.....## ..##..#
###..##.......
.###..#####...........#
..##......(...........#
.....................#
....................#
....................#
....).........#.@..Z###
............#
#..##)%.#####
............#
#..#####....#
...........## ##..
#.###.# #..........#
#.. ##.# ###........###
##.###..#
#..........####.....##
##........>.........#
#......####........#


You could see a friendly orc zombie (wandering).

Vanquished Creatures
  An orc wizard (D:4)
  An iguana (D:4)
  A worker ant (D:4)
  13 adders
  An ooze (D:3)
  A worm (D:3)
  A dart slug (D:3)
  A leopard gecko (D:4)
  6 orcs
  6 giant cockroaches
  6 goblins
  6 hobgoblins
  2 quokkas (D:4)
  3 ball pythons
  13 bats
  4 frilled lizards
  8 kobolds
  6 rats
80 creatures vanquished.

Vanquished Creatures (collateral kills)
  An ogre (D:4)
  An adder (D:3)
  An ooze (D:3)
  2 orcs (D:4)
  A giant cockroach (D:1)
  A goblin (D:1)
  A frilled lizard (D:1)
  A jackal skeleton (D:4)
  A kobold (D:3)
10 creatures vanquished.

Grand Total: 90 creatures vanquished

Notes
Turn   | Place    | Note
-------+----------+-------------------------------------------
     0 | D:1      | xveg the Mummy Necromancer began the quest for the Orb.
     0 | D:1      | Reached XP level 1. HP: 13/13 MP: 4/4
    23 | D:1      | Learned a level 1 spell: Animate Skeleton
   321 | D:1      | Reached XP level 2. HP: 19/19 MP: 3/5
  1107 | D:2      | Reached XP level 3. HP: 18/24 MP: 5/7
  1674 | D:2      | Reached skill level 1 in Armour
  1686 | D:2      | Reached XP level 4. HP: 19/30 MP: 9/9
  1810 | D:2      | Learned a level 4 spell: Animate Dead
  1814 | D:2      | Learned a level 3 spell: Vampiric Draining
  1979 | D:2      | Found a white marble altar of Elyvilon.
  2288 | D:3      | Reached skill level 5 in Necromancy
  2539 | D:3      | Learned a level 1 spell: Confusing Touch
  2608 | D:3      | Reached XP level 5. HP: 35/35 MP: 1/11
  3303 | D:4      | Noticed an ogre
  3313 | D:4      | Killed an ogre
  3313 | D:4      | Reached skill level 5 in Spellcasting
  3313 | D:4      | Reached XP level 6. HP: 41/41 MP: 2/13
  3931 | D:4      | HP: 2/41 [something (2)]
  3933 | D:4      | Slain by an orc wizard

Skill      XL: |  1  2  3  4  5 |
---------------+----------------+-----
Spellcasting   | 3 4 5 |  5.4
Armour         | 1 2 |  2.3
Necromancy     | 5 |  5.8
Dodging        | |  1.5
Stealth        | |  1.6

Action                   |  1- 3 |  4- 6 || total
-------------------------+-------+-------++-------
Melee: Unarmed           |     7 |       ||     7
       Short sword       |   157 |   126 ||   283
 Cast: Pain              |    21 |    83 ||   104
       Animate Skeleton  |     6 |     9 ||    15
       Confusing Touch   |       |     2 ||     2
       Animate Dead      |       |     3 ||     3
       Vampiric Draining |       |     2 ||     2
  Use: Scroll            |       |     1 ||     1
 Stab: Distracted        |       |     2 ||     2
Armor: Robe              |     5 |       ||     5
       Chain mail        |   162 |    28 ||   190
       Ring mail         |       |    46 ||    46
Dodge: Dodged            |   192 |   116 ||   308
